 Dungeon Crawl Stone Soup version 0.21.1-1-g345015f (webtiles) character file.

149 shakethe the Covered (level 5, -3/33 HPs)
             Began as a Gargoyle Fighter on Feb 22, 2018.
             Killed by divine providence
             ... invoked by an orc priest
              (10 damage)
             ... on level 3 of the Dungeon.
             The game lasted 00:01:54 (2334 turns).

shakethe the Covered (Gargoyle Fighter)             Turns: 2334, Time: 00:01:55

Health: -3/33      AC: 11    Str: 19    XL:     5   Next: 31%
Magic:  5/5        EV:  8    Int: 10    God:
Gold:   47         SH:  9    Dex:  9    Spells: 4/4 levels left

rFire    . . .     SeeInvis .   a - +0 flail
rCold    . . .     Gourm    .   c - +0 shield
rNeg     + . .     Faith    .   m - +0 ring mail (curse)
rPois    ∞         Spirit   .   (no helmet)
rElec    +         Reflect  .   e - +0 cloak
rCorr    .         Harm     .   (no gloves)
MR       .....                  (no boots)
Stlth    ..........             h - amulet of rage {+Rage, !d}
HPRegen  0.11/turn              (no ring)
MPRegen  0.09/turn              (no ring)

@: no status effects
A: negative energy resistance 1, electricity resistance, unbreathing,
petrification resistance, rot immunity, AC +4
a: Evoke Berserk Rage


You were on level 3 of the Dungeon.
You were not hungry.

You visited 1 branch of the dungeon, and saw 3 of its levels.

You collected 47 gold pieces.

Inventory:

Hand Weapons
 a - a +0 flail (weapon)
Armour
 b - a +0 scale mail
 c - a +0 shield (worn)
 e - a +0 cloak (worn)
   (You found it on level 1 of the Dungeon)
 m - a cursed +0 ring mail (worn)
   (You found it on level 2 of the Dungeon)
Jewellery
 g - an uncursed ring of resist corrosion {unknown}
   (You found it on level 2 of the Dungeon)
 h - an amulet of rage (around neck) {+Rage, !d}
   (You found it on level 1 of the Dungeon)
 r - an uncursed ring of poison resistance {unknown}
   (You found it on level 3 of the Dungeon)
Scrolls
 k - a scroll of identify {unknown}
 n - 3 scrolls of magic mapping {unknown}
 s - a scroll of fog {unknown}
Potions
 d - a potion of might
 i - a potion of lignification {unknown}
 j - a potion of cancellation {unknown}
 l - a potion of magic {unknown}
 o - a potion of agility {unknown}
 q - 2 potions of heal wounds {unknown}
Comestibles
 f - 6 rations
 p - 9 chunks of flesh {@w0@w0}


   Skills:
 + Level 4.2 Fighting
 + Level 3.1 Maces & Flails
 + Level 4.3 Armour
 + Level 4.2 Shields


You had 4 spell levels left.
You didn't know any spells.

Dungeon Overview and Level Annotations

Branches:
Dungeon (3/15)

Altars:


Innate Abilities, Weirdness & Mutations

You are resistant to torment.
Your stone body is resilient. (AC +4)
You are immune to poison.
You resist negative energy. (rN+)
You are resistant to electric shocks. (rElec)
You can survive without breathing.
You are immune to petrification.
You are immune to rotting.


Message History

No target in view!
No target in view!
No target in view!
No target in view!
No target in view!
No target in view!
No target in view!
No target in view!
No target in view!
There is an open door here.
You see here a club.
A goblin comes into view. It is wielding a club.
The goblin shouts!
A hobgoblin comes into view.
The goblin hits you but does no damage.
You closely miss the goblin. You block the goblin's attack.
The goblin hits you but does no damage.
You hit the goblin. The goblin hits you but does no damage.
You hit the goblin.
You kill the goblin!
You block the hobgoblin's attack.
You barely miss the hobgoblin. The hobgoblin barely misses you.
You hit the hobgoblin but do no damage.
The hobgoblin hits you but does no damage.
You hit the hobgoblin but do no damage.
The hobgoblin hits you but does no damage. x2
You barely miss the hobgoblin. You block the hobgoblin's attack.
You closely miss the hobgoblin.
The hobgoblin hits you but does no damage.
You hit the hobgoblin. The hobgoblin closely misses you.
The hobgoblin hits you but does no damage.
You hit the hobgoblin.
You kill the hobgoblin!
No target in view!
No target in view!
No target in view!
No target in view!
No target in view!
No target in view!
You butcher the hobgoblin corpse.
p - 8 chunks of flesh {@w0@w0} (gained 3)
Things that are here:
a club; a hobgoblin skeleton
Things that are here:
a club; a hobgoblin skeleton You open the door.
A ball python comes into view.
The ball python hisses angrily.
You block the ball python's attack. The ball python grabs you.
The ball python constricts you.
There is an open door here.
You hit the ball python.
You kill the ball python!
No target in view!
No target in view!
No target in view!
No target in view!
No target in view!
No target in view!
No target in view!
No target in view!
No target in view!
No target in view!
You butcher the ball python corpse.
p - 9 chunks of flesh {@w0@w0} (gained 1)
You see here a ball python skeleton. x2
You open the door. 2 orcs and an orc priest come into view.
The orc shouts! x2; The orc priest shouts!
You hear a shout!
Found a stone staircase leading down.
An orc priest comes into view. It is wielding a mace.
The orc priest shouts!
There is an open door here.
You block the orc's attack.
You hit the orc. The orc hits you but does no damage.
You sock the orc!
You kill the orc!
You closely miss the orc priest. The orc priest barely misses you.
You completely miss the orc priest. You block the orc priest's attack.
The orc priest hits you but does no damage.
You completely miss the orc priest.
The orc priest calls down the wrath of Beogh upon you.
Pain shoots through your body!
You thump the orc priest! You block the orc priest's attack.
You closely miss the orc priest.
The orc priest mumbles some strange prayers to Beogh against you.
Beogh smites you!
The orc priest hits you but does no damage.
The orc priest invokes the aid of Beogh against you.
Beogh smites you!
* * * LOW HITPOINT WARNING * * *
You are too injured to fight recklessly!
You are too injured to fight recklessly!
You are too injured to fight recklessly!
You take 26 damage, and have 7/33 hp.
MASSIVE DAMAGE!!
The orc priest mumbles some strange prayers to Beogh against you.
Beogh smites you!
You die...

#.# #. #.# #. #.#
#.# #.# ####.####
#o. ........# #o#
#.....## #o#
#......# #.#
#....#)# #@#
#....#.# #######'###
##.###.# (.........#
#.# #.. ........(.#
#.# ##. ..........#
#.# #. .......÷..#
#.# #.
#######'##########.#
#. #............# ##
############## #


You could see 2 orc priests and an orc.

Vanquished Creatures
  Jessica (D:2)
  4 gnolls
  4 adders (D:2)
  A dart slug (D:1)
  A leopard gecko (D:1)
  2 orcs (D:3)
  4 bats (D:1)
  2 giant cockroaches
  5 goblins
  7 hobgoblins
  2 jackals (D:1)
  2 ball pythons
  A frilled lizard (D:1)
  7 kobolds
  3 rats (D:2)
46 creatures vanquished.

Notes
Turn   | Place    | Note
-------+----------+-------------------------------------------
     0 | D:1      | shakethe the Gargoyle Fighter began the quest for the Orb.
     0 | D:1      | Reached XP level 1. HP: 14/14 MP: 1/1
    95 | D:1      | Reached XP level 2. HP: 14/19 MP: 2/2
   661 | D:1      | Reached XP level 3. HP: 22/23 MP: 3/3
   878 | D:2      | Noticed Jessica
   880 | D:2      | Killed Jessica
   880 | D:2      | Reached XP level 4. HP: 29/29 MP: 4/4
   959 | D:2      | Reached skill level 4 in Armour
  1124 | D:2      | Reached skill level 4 in Fighting
  1124 | D:2      | Reached skill level 4 in Shields
  1727 | D:2      | HP: 7/29 [adder (1)]
  2122 | D:3      | Reached skill level 3 in Maces & Flails
  2122 | D:3      | Reached XP level 5. HP: 32/33 MP: 5/5
  2333 | D:3      | HP: 7/33 [orc priest/divine providence (12)]
  2334 | D:3      | Killed from afar by an orc priest

Skill      XL: |  1  2  3  4 |
---------------+-------------+-----
Armour         | 4 |  4.3
Fighting       | 4 |  4.2
Shields        | 4 |  4.2
Maces & Flails | 3 |  3.1

Action                   |  1- 3 |  4- 6 || total
-------------------------+-------+-------++-------
Melee: Flail             |    96 |   130 ||   226
  Eat: Chunk             |       |     5 ||     5
Armor: Scale mail        |    63 |     5 ||    68
       Ring mail         |       |    69 ||    69
Dodge: Dodged            |    28 |    47 ||    75
Block: Shield            |    53 |    66 ||   119

Vault maps used:
D:1:      lemuel_arrival_rhombus
D:2:      first_ration, uniq_jessica
D:3:      nemelex_dance_club_becter, uniq_sigmund

Table legend:
 A = Turns spent in this place as a percentage of turns spent in the entire game.
 B = Non-inter-level travel turns spent in this place as a percentage of non-inter-level travel turns spent in the entire game.
 C = Inter-level travel turns spent in this place as a percentage of turns spent in this place.
 D = Turns resting spent in this place as a percentage of non-inter-level travel turns spent in this place.
 E = Turns spent auto-exploring this place as a percentage of non-inter-level travel turns spent in this place.
 F = Non-inter-level travel turns spent in this place divided by the number of levels of this place that you've seen.
                   A       B       C       D       E      F
               +-------+-------+-------+-------+-------+----------------------
         Total | 100.0 | 100.0 |   1.9 |  22.9 |  57.4 | 763.0
       Dungeon | 100.0 | 100.0 |   1.9 |  22.9 |  57.4 | 763.0
               +-------+-------+-------+-------+-------+----------------------

Table legend:
 A = Kills in this place as a percentage of kills in entire the game.
 B = Kills by you in this place as a percentage of kills by you in the entire game.
 C = Kills by friends in this place as a percentage of kills by friends in the entire game.
 D = Other kills in this place as a percentage of other kills in the entire game.
 E = Experience gained in this place as a percentage of experience gained in the entire game.
 F = Experience gained in this place divided by the number of levels of this place that you have seen.
                   A       B       C       D       E      F
               +-------+-------+-------+-------+-------+----------------------
         Total | 100.0 | 100.0 |   N/A |   N/A | 100.0 |  71.3
       Dungeon | 100.0 | 100.0 |   N/A |   N/A | 100.0 |  71.3
               +-------+-------+-------+-------+-------+----------------------
